 Dungeon Crawl Stone Soup version 0.16.1-28-gcc2312f (webtiles) character file.

86 Kidiri the Conjurer (level 4, 0/35 HPs)
             Began as a Draconian Conjurer on May 29, 2015.
             Succumbed to Crazy Yiuf's poison
             ... on level 2 of the Dungeon.
             The game lasted 00:15:34 (2989 turns).

Kidiri the Conjurer (Draconian Conjurer)            Turns: 2989, Time: 00:15:34

Health: 0/35       AC:  5    Str: 10    XL:     4   Next: 27%
Magic:  1/8        EV: 13    Int: 16    God:
Gold:   86         SH:  0    Dex: 16    Spells: 4 memorised, 1 level left

rFire  . . .     SeeInvis .     v - +1 short sword
rCold  . . .     Clarity  .     (armour unavailable)
rNeg   . . .     SustAb   +     (no shield)
rPois  .         Gourm    .     (helmet restricted)
rElec  .         Spirit   .     (no cloak)
rCorr  .         Warding  .     (no gloves)
rMut   .         Stasis   .     (no boots)
MR     .....                    (no amulet)
Stlth  ++........               e - ring of sustain abilities
                                j - +4 ring of dexterity

@: lethally poisoned (0 -> -18), not resistant to hostile enchantments,
unstealthy
A: unfitting armour, horns 1, talons 1, slow healing 1, cold-blooded, AC +5
a: no special abilities


You were on level 2 of the Dungeon.
You were hungry.

You visited 1 branch of the dungeon, and saw 2 of its levels.

You collected 86 gold pieces.

Inventory:

Hand weapons
 o - a +0 dagger
 v - a +1 short sword (weapon)
Jewellery
 e - a ring of sustain abilities (right hand)
 f - an uncursed ring of teleport control
 g - an uncursed ring of teleportation
 i - a cursed ring of loudness {unknown}
 j - a +4 ring of dexterity (left hand)
Magical devices
 u - a wand of teleportation (3)
Scrolls
 d - a scroll of magic mapping
 m - a scroll of random uselessness
 p - a scroll of remove curse
Potions
 k - a potion of restore abilities
 l - a potion of might
Books
 c - a book of Conjurations

   Spells                             Type                      Level
   a - Magic Dart                     Conjuration                  1
   b - Searing Ray                    Conjuration                  2
   c - Dazzling Spray                 Conjuration/Hexes            3
   d - Fulminant Prism                Conjuration/Hexes            4
   e - Iskenderun's Mystic Blast      Conjuration                  4
   f - Iskenderun's Battlesphere      Conjuration/Charms           5
 q - a book of Callings

   Spells                             Type                      Level
   a - Summon Small Mammal            Summoning                    1
   b - Call Imp                       Summoning                    2
   c - Call Canine Familiar           Summoning                    3
   d - Summon Guardian Golem          Hexes/Summoning              4
   e - Summon Lightning Spire         Summoning/Air                4
   f - Summon Ice Beast               Ice/Summoning                4
Comestibles
 a - 3 fruits
 b - 3 bread rations


   Skills:
 + Level 1.0 Fighting
 + Level 2.2 Dodging
 + Level 1.8 Stealth
 * Level 2.7 Spellcasting
 * Level 4.6 Conjurations
 * Level 0.5 Hexes
 * Level 0.6 Summonings
 + Level 0.4 Evocations


You had one spell level left.
You knew the following spells:

 Your Spells              Type           Power        Failure   Level  Hunger
a - Magic Dart            Conj           ###.         3%          1    #......
b - Searing Ray           Conj           ###...       6%          2    ##.....
c - Dazzling Spray        Conj/Hex       ##......     21%         3    ###....
d - Summon Small Mammal   Summ           #...         17%         1    #......


Dungeon Overview and Level Annotations

Branches:
Dungeon (2/15)

Altars:

Annotations:
D:2 Crazy Yiuf


Innate Abilities, Weirdness & Mutations

Your plain brown scales are hard (AC +5).
Your body does not fit into most forms of armour.
Your cold-blooded metabolism reacts poorly to cold.
You have a pair of small horns on your head.
You have sharp toenails.
You heal slowly when monsters are visible.


Message History

Crazy Yiuf screams, "Hack tortoise ragdoll!"
Crazy Yiuf hits your rat with a quarterstaff of chaos!
Your rat dies!
Your rat's corpse disappears in a puff of smoke!
Drink which item? (? for menu, Esc to quit)
You can't drink that!
Drink which item? (? for menu, Esc to quit)
It was a potion of cancellation.
You feel magically purged.
* * * LOW HITPOINT WARNING * * *
You feel sick.
Drink which item? (? for menu, Esc to quit)
It was a potion of mutation.
You feel extremely strange. A pair of horns grows on your head!
Your toenails lengthen and sharpen.
Your natural healing is weakened.
* * * LOW HITPOINT WARNING * * *
You feel sick.
Drink which item? (? for menu, Esc to quit)
Okay, then.
You swap places.
You die...

#... #####
#... #..)#
########...
#...#
#......>...
...
#........##
#'#
#........#
♣♣g♣
#........#
♣b♣♣
#........#
♣♣@♣
#........#
♣.♣♣
#........#
♣♣.♣♣
#........#
♣.PP♣♣
#........#
♣♣.PP♣
#........#
##..##
#.########
#....####.#
##........#
##...#####


You could see Crazy Yiuf and a friendly bat.

Vanquished Creatures
  Terence (D:2)
  2 adders (D:2)
  4 worms (D:2)
  6 giant cockroaches
  4 goblins
  3 hobgoblins (D:2)
  5 kobolds
  A quokka (D:2)
  8 bats
  4 giant newts
  3 rats
  A bush (D:2)
42 creatures vanquished.

Vanquished Creatures (others)
  A bat (D:2)
  2 rats (D:2)
3 creatures vanquished.

Grand Total: 45 creatures vanquished

Notes
Turn   | Place    | Note
--------------------------------------------------------------
     0 | D:1      | Kidiri, the Draconian Conjurer, began the quest for the Orb.
     0 | D:1      | Reached XP level 1. HP: 14/14 MP: 3/3
   408 | D:1      | Reached XP level 2. HP: 22/22 MP: 1/4
   413 | D:1      | Learned a level 2 spell: Searing Ray
  1051 | D:2      | Noticed Terence
  1574 | D:2      | Reached XP level 3. HP: 18/27 MP: 1/6
  1579 | D:2      | Learned a level 3 spell: Dazzling Spray
  1801 | D:2      | Learned a level 1 spell: Summon Small Mammal
  2346 | D:2      | Killed Terence
  2346 | D:2      | Reached skill level 1 in Fighting
  2425 | D:2      | Reached XP level 4. HP: 35/35 MP: 5/8
  2977 | D:2      | Noticed Crazy Yiuf
  2988 | D:2      | Gained mutation: You have a pair of small horns on your head. [potion of mutation]
  2988 | D:2      | Gained mutation: You have sharp toenails. [potion of mutation]
  2988 | D:2      | Gained mutation: You heal slowly when monsters are visible. [potion of mutation]
  2989 | D:2      | Succumbed to Crazy Yiuf's poison

Action                   |  1- 3 |  4- 6 || total
-------------------------+-------+-------++-------
Melee: Unarmed           |    12 |       ||    12
       Dagger            |    56 |       ||    56
       Short sword       |     4 |   133 ||   137
 Cast: Magic Dart        |    64 |    17 ||    81
       Searing Ray       |     3 |     3 ||     6
       Summon Small Mamm |     4 |     4 ||     8
  Use: Scroll            |    11 |       ||    11
       Potion            |     1 |     2 ||     3
  Eat: Chunk             |     6 |       ||     6
       Beef jerky        |       |     1 ||     1
